 Dungeon Crawl Stone Soup version 0.17-a0-1-g1f4be75 (console) character file.

40343 mauris the Swashbuckler (level 14, 80/80 HPs)
             Began as a Halfling Hunter on Mar 4, 2015.
             Was a High Priest of Okawaru.
             Quit the game on level 3 of the Orcish Mines on Mar 5, 2015.
             The game lasted 02:40:00 (30511 turns).

mauris the Swashbuckler (Halfling Hunter)          Turns: 30511, Time: 02:40:00

Health: 80/80      AC: 16    Str: 20    XL:     14   Next: 44%
Magic:  25/25      EV: 32    Int: 10    God:    Okawaru [*****.]
Gold:   1516       SH:  0    Dex: 20    Spells: 0 memorised, 13 levels left

rFire  . . .     SeeInvis .     b - +0 blowgun {@w1}
rCold  + . .     Clarity  +     m - +1 leather armour "Sida" {-Tele Contam rElec rPois Str+5, 3}
rNeg   . . .     SustAb   .     (no shield)
rPois  +         Gourm    .     x - +1 helmet
rElec  +         Spirit   .     y - +2 cloak {+Inv}
rCorr  .         Warding  .     V - +2 pair of gloves {Str+3}
rMut   .         NoTele   +     S - +1 pair of boots
MR     +....                    j - amulet of clarity
Stlth  +++++.....               L - ring of protection from cold
                                r - +3 ring of evasion

@: somewhat resistant to hostile enchantments, quite stealthy
A: mutation resistance 1
a: Heroism, Finesse, Renounce Religion, Evoke Invisibility


You were on level 3 of the Orcish Mines.
You worshipped Okawaru.
Okawaru was extremely pleased with you.
You were not hungry.

You visited 3 branches of the dungeon, and saw 20 of its levels.

You collected 1726 gold pieces.
You spent 210 gold pieces at shops.

Inventory:

Hand weapons
 a - a +3 rapier of piercing
 b - a +0 blowgun (weapon) {@w1}
 c - a +1 hunting sling
 z - a +4 quarterstaff of chaos
Missiles
 e - 39 poisoned needles (quivered)
 i - 19 steel sling bullets
 n - 608 stones {YOU HAVE CURARE}
 s - 61 sling bullets
 G - 6 needles of sleeping
 K - 11 poisoned sling bullets
 N - 9 curare-tipped needles {!f}
 U - 15 silver sling bullets
 Y - 18 sling bullets of frost
Armour
 d - the +9 plate armour "Xuguy" {+Inv MP-9 Int+8, 10}
   (You found it on level 4 of the Lair of Beasts)

   It affects your intelligence (+8).
   It affects your magic capacity (-9).
   It lets you turn invisible.
 m - the +1 leather armour "Sida" (worn) {-Tele Contam rElec rPois Str+5, 3}
   (Okawaru gifted it to you on level 11 of the Dungeon)

   It affects your strength (+5).
   It insulates you from electricity.
   It protects you from poison.
   It prevents most forms of teleportation.
   It causes magical contamination when unequipped.
 v - a +2 leather armour of magic resistance {3}
 x - a +1 helmet (worn)
 y - a +2 cloak of invisibility (worn)
 S - a +1 pair of boots (worn)
 T - a +0 shield of reflection
 V - a +2 pair of gloves of strength (worn)
Jewellery
 j - an amulet of clarity (around neck)
 l - an uncursed ring of teleportation
 o - a +3 ring of strength
 r - a +3 ring of evasion (left hand)
 C - an uncursed amulet of resist mutation
 I - an uncursed amulet of rage
 L - a ring of protection from cold (right hand)
Magical devices
 k - a wand of cold (6)
 O - a wand of magic darts (22)
Scrolls
 t - 4 scrolls of identify {@r1}
 A - 4 scrolls of fog
 D - 2 scrolls of magic mapping
 E - 4 scrolls of fear
 J - a scroll of teleportation {@r4}
 M - 4 scrolls of recharging
 P - 2 scrolls of enchant weapon
 Q - a scroll of immolation {!r}
 R - a scroll of vulnerability {!r}
 X - 2 scrolls of remove curse
Potions
 g - a potion of invisibility
 h - 4 potions of brilliance
 p - a potion of agility
 u - 3 potions of restore abilities
Comestibles
 f - 6 bread rations
 q - 10 beef jerkies
 w - 6 meat rations
 B - 4 fruits
 H - 16 royal jellies


   Skills:
 - Level 1.7 Fighting
 + Level 17.0 Short Blades
 - Level 7.0 Slings
 - Level 8.4 Armour
 + Level 15.1 Dodging
 - Level 9.3 Stealth
 - Level 8.1 Invocations


You had 13 spell levels left.
You didn't know any spells.

Dungeon Overview and Level Annotations

Branches:
Dungeon (12/15)            Temple (0/1) D:4            Lair (4/8) D:8
 Shoals (0/5) Lair:3        Snake (0/5) Lair:3          Orc (4/4) D:11
    Elf (0/3) Orc:3

Altars:
Ashenzari
Dithmenos
Elyvilon
Fedhas
Gozag
Kikubaaqudgha
Makhleb
Okawaru
Sif Muna
Vehumet
Yredelemnul
Beogh

Shops:
D:5 }   D:11 *   Orc:2 %   Orc:4 *

Annotations:
D:6 2 exclusions
D:7 Gastronok
D:8 ossuary, dowan, duvessa, gastronok!
D:11 exclusion: 2 electric eels
Lair:3 3 exclusions
Lair:4 death yak pack, hydras!, exclusion: hydra


Innate Abilities, Weirdness & Mutations

You are small and have problems with some larger weapons.
You are somewhat resistant to further mutation.


Message History

Welcome back, mauris the Halfling Hunter.
Okawaru says: Bring me glory in combat!
Press ? for a list of commands and other information.
Describe a (M)onster, (S)pell, s(K)ill, (A)bility, (C)ard, (I)tem, (F)eature, (G)od, (B)ranch or c(L)oud?
Okay, then.
Unknown command.
Unknown command.
Things that are here:
3 tomahawks; a scale mail {6}
There is a stone staircase leading down here.
Things that are here:
a ring mail {5}; a dagger
There is a stone staircase leading down here.
You start resting.
HP restored.
Unknown command.
You climb downwards.
There is a stone staircase leading up here.
b - a +0 blowgun (weapon)
{@w1} Are you sure you want to abandon this character and quit the game? (Confirm with "yes".)

#.........#...<)[..#...#.......#
..................#...#....##.##
......#.....)..............####
###..##........(.##........## #
#..##.......)[###.........#
##..###......([[#.......#.##
##...# ####.......#..##...##
...### #.......[[...##..##
.....# ##......@.....o...#
~.~..# #......#.........# ~~~.##
#......###....#.## ~~)..#
#...#..###...#### ~.~..##
##.##...#.#.## ......##
#..)#..#....## #......#
#..)[).#.....#
###....###..[..#......#
###..........#...#.##


You could see an orc warlord.

Vanquished Creatures
  A fire giant (D:11)
  Donald (Orc:3)
  An orc warlord (Orc:3)
  Josephine (D:12)
  Fannar (D:10)
  2 hydras
  The ghost of McCoppin the Carver, an experienced DsCK of Xom (D:9)
  Erolcha (D:8)
  Pikel (D:6)
  6 hill giants
  A cyclops (D:12)
  An unseen horror (D:11)
  An orc knight (Orc:3)
  2 ugly things
  2 black mambas (Lair:4)
  An elephant (D:8)
  6 spiny frogs
  3 komodo dragons
  An efreet (D:11)
  2 two-headed ogres
  A troll (Orc:3)
  Sonja (Orc:2)
  A queen bee (D:12)
  8 blink frogs
  2 basilisks
  A trapdoor spider (D:10)
  A shadow (D:11)
  2 water elementals
  5 wraiths
  16 wolves
  Eustachio (D:9)
  A steam dragon (D:12)
  3 hippogriffs
  Grum (D:9)
  17 yaks
  2 hungry ghosts
  2 nagas (Lair:3)
  4 ice beasts
  2 wargs (Orc:3)
  3 porcupines
  6 water moccasins
  A soldier ant (D:12)
  A swamp drake (D:11)
  17 orc warriors
  8 ogres
  2 sky beasts (D:6)
  2 wasps
  2 black bears
  2 slaves (D:6)
  16 centaurs
  2 phantoms
  An elf zombie (D:8)
  Sigmund (D:4)
  Duvessa (D:8)
  14 giant frogs
  A brain worm (D:12)
  A big kobold (D:10)
  A gnoll sergeant (D:10)
  8 crocodiles
  A wyvern skeleton (D:12)
  2 scorpions
  28 killer bees
  5 electric eels
  7 wights
  A giant frog zombie (D:12)
  3 goliath beetles
  Dowan (D:8)
  3 crimson imps
  3 quasits
  2 centaur zombies (D:9)
  A giant frog skeleton (D:5)
  6 jellies
  Crazy Yiuf (D:3)
  A human zombie (D:8)
  6 centaur skeletons
  A gnoll shaman (D:7)
  9 hounds
  12 iguanas
  A human skeleton (D:8)
  17 orc wizards
  23 orc priests
  6 worker ants
  7 sheep
  A wasp simulacrum (D:11)
  Ijyb (D:3)
  4 mummies (D:8)
  A hound skeleton (D:10)
  Robin (D:3)
  15 gnolls
  34 river rats
  24 adders
  A giant mite (D:5)
  A worker ant simulacrum (D:11)
  A worm (D:3)
  2 white imps (D:9)
  An ufetubus (D:11)
  An adder skeleton (D:9)
  3 giant geckos
  An ooze (D:3)
  185 orcs
  3 ball pythons
  11 bats
  3 bat skeletons
  A bat zombie (D:5)
  3 giant cockroaches
  26 goblins
  22 hobgoblins
  22 jackals
  22 kobolds
  13 quokkas
  6 giant newts
  3 giant spores
  A jackal skeleton (D:4)
  An orc skeleton (D:8)
  19 rats
  9 ballistomycetes
  3 fungi
789 creatures vanquished.

Vanquished Creatures (others)
  A slave (D:6)
  An orc wizard (D:4)
  An adder (D:2)
  3 orcs
  A giant spore (D:9)
  4 fungi
  4 plants
15 creatures vanquished.

Grand Total: 804 creatures vanquished

Notes
Turn   | Place    | Note
--------------------------------------------------------------
     0 | D:1      | mauris, the Halfling Hunter, began the quest for the Orb.
     0 | D:1      | Reached XP level 1. HP: 14/14 MP: 1/1
   130 | D:1      | Reached skill level 6 in Slings
   136 | D:1      | Reached XP level 2. HP: 19/19 MP: 2/2
   727 | D:2      | Reached XP level 3. HP: 24/24 MP: 3/3
   898 | D:2      | Found a white marble altar of Elyvilon.
   946 | D:2      | Reached XP level 4. HP: 16/29 MP: 4/4
   969 | D:2      | Huge Dmg: 5 Dmg
  1753 | D:3      | Huge Dmg: 9 Dmg
  1757 | D:3      | Reached skill level 1 in Short Blades
  1775 | D:3      | Noticed Ijyb
  2005 | D:3      | Reached skill level 7 in Slings
  2056 | D:3      | Noticed Robin
  2114 | D:3      | Killed Robin
  2114 | D:3      | Reached XP level 5. HP: 28/34 MP: 5/5
  2120 | D:3      | Huge Dmg: 5 Dmg
  2892 | D:3      | Killed Ijyb
  3305 | D:3      | Noticed Crazy Yiuf
  3322 | D:3      | Killed Crazy Yiuf
  3322 | D:3      | Reached XP level 6. HP: 26/39 MP: 6/6
  4171 | D:4      | Found a burning altar of Makhleb.
  4178 | D:4      | Found a deep blue altar of Sif Muna.
  4211 | D:4      | Reached skill level 5 in Dodging
  4416 | D:4      | Found a staircase to the Ecumenical Temple.
  4724 | D:4      | Reached XP level 7. HP: 44/44 MP: 7/7
  4902 | D:4      | Reached skill level 5 in Short Blades
  5071 | D:4      | Found a radiant altar of Vehumet.
  5075 | D:4      | Found an opulent altar of Gozag.
  5097 | D:4      | Found an ancient bone altar of Kikubaaqudgha.
  5186 | D:4      | Noticed Sigmund
  5217 | D:4      | Killed Sigmund
  5322 | D:5      | Entered Level 5 of the Dungeon
  5410 | D:5      | Found Strairai's Gadget Emporium.
  5551 | D:5      | Reached XP level 8. HP: 45/49 MP: 8/8
  5634 | D:5      | Found a shadowy altar of Dithmenos.
  5661 | D:5      | Found a blossoming altar of Fedhas.
  6232 | D:6      | Found a blossoming altar of Fedhas.
  6307 | D:6      | Found an iron altar of Okawaru.
  6329 | D:6      | Became a worshipper of Warmaster Okawaru
  6331 | D:6      | Huge Dmg: 14 Dmg
  6400 | D:6      | Reached skill level 8 in Short Blades
  6534 | D:6      | Huge Dmg: 9 Dmg
  7093 | D:5      | Reached XP level 9. HP: 54/54 MP: 9/9
  7109 | D:6      | Huge Dmg: 16 Dmg
  7170 | D:6      | Acquired Okawaru's first power
  7170 | D:6      | Reached skill level 9 in Short Blades
  7293 | D:6      | Noticed Pikel
  7333 | D:6      | Killed Pikel
  7333 | D:6      | Reached skill level 10 in Short Blades
  7359 | D:6      | Huge Dmg: 14 Dmg
  7597 | D:6      | Huge Dmg: 17 Dmg
  8730 | D:7      | Reached skill level 10 in Dodging
  8739 | D:7      | Reached skill level 11 in Short Blades
  9294 | D:8      | Noticed Duvessa
  9294 | D:8      | Noticed Dowan
  9329 | D:8      | Noticed Gastronok
  9357 | D:8      | Huge Dmg: 19 Dmg
  9368 | D:8      | Huge Dmg: 14 Dmg
  9374 | D:7      | Huge Dmg: 7 Dmg
  9801 | D:8      | Reached XP level 10. HP: 47/60 MP: 10/10
  9919 | D:8      | Noticed Erolcha
  9923 | D:8      | Huge Dmg: 22 Dmg
 10529 | D:8      | Killed Duvessa
 10541 | D:8      | Killed Dowan
 10728 | D:8      | Noticed an elephant
 10754 | D:8      | Reached skill level 12 in Short Blades
 10790 | D:8      | Huge Dmg: 13 Dmg
 10800 | D:8      | Killed Erolcha
 10877 | D:8      | Killed an elephant
 10877 | D:8      | Received a gift from Okawaru
 10908 | D:8      | Found a staircase to the Lair.
 11075 | Lair:1   | Entered Level 1 of the Lair of Beasts
 11513 | Lair:1   | Reached skill level 13 in Short Blades
 11535 | Lair:1   | Noticed a spiny frog
 11576 | Lair:1   | Killed a spiny frog
 11793 | Lair:1   | Reached XP level 11. HP: 56/64 MP: 11/11
 12195 | Lair:2   | Huge Dmg: 30 Dmg
 12315 | Lair:1   | Noticed a spiny frog
 12328 | Lair:1   | Huge Dmg: 12 Dmg
 12335 | Lair:1   | Killed a spiny frog
 12576 | Lair:2   | Reached skill level 14 in Short Blades
 12938 | Lair:2   | Huge Dmg: 13 Dmg
 13718 | Lair:3   | Noticed a four-headed hydra
 13728 | Lair:3   | Killed a four-headed hydra
 13778 | Lair:2   | Acquired Okawaru's second power
 13903 | Lair:2   | Huge Dmg: 14 Dmg
 13917 | Lair:2   | Reached skill level 5 in Stealth
 14018 | Lair:2   | Huge Dmg: 11 Dmg
 14231 | Lair:3   | Noticed a naga warrior
 14508 | Lair:3   | Received a gift from Okawaru
 14509 | Lair:3   | Got an encrusted helmet {god gift}
 14520 | Lair:3   | Identified the -4 helmet of the Amoeba {-Cast rPois rN+ MP+9 Int+2} (Okawaru gifted it to you on level 3 of the Lair of Beasts)
 14663 | Lair:3   | Found a staircase to the Snake Pit.
 14929 | Lair:3   | Reached XP level 12. HP: 68/70 MP: 12/12
 14980 | Lair:3   | Huge Dmg: 13 Dmg
 15312 | Lair:3   | Found a staircase to the Shoals.
 15454 | Lair:4   | Noticed an eight-headed hydra
 15632 | Lair:4   | Noticed a six-headed hydra
 15893 | Lair:4   | Reached skill level 1 in Armour
 16031 | Lair:4   | Huge Dmg: 14 Dmg
 16039 | Lair:4   | Huge Dmg: 15 Dmg
 16307 | Lair:4   | Noticed a six-headed hydra
 16454 | Lair:4   | Huge Dmg: 11 Dmg
 16455 | Lair:4   | Huge Dmg: 10 Dmg
 16456 | Lair:4   | Huge Dmg: 11 Dmg
 16793 | Lair:4   | Got a spiked plate armour {10}
 16804 | Lair:4   | Identified the +9 plate armour "Xuguy" {+Inv MP-9 Int+8, 10} (You found it on level 4 of the Lair of Beasts)
 16933 | Lair:4   | Killed a six-headed hydra
 17084 | Lair:4   | Noticed a death yak
 17087 | Lair:4   | Noticed a death yak
 17091 | Lair:4   | Noticed a death yak
 17099 | Lair:4   | Noticed a death yak
 17106 | Lair:4   | Noticed a death yak
 17355 | Lair:3   | Huge Dmg: 13 Dmg
 17394 | Lair:3   | whew
 18110 | D:8      | Found a white marble altar of Elyvilon.
 18262 | D:8      | Found a basalt altar of Yredelemnul.
 18676 | D:9      | Noticed Grum
 18715 | D:9      | Killed Grum
 18853 | D:9      | Reached skill level 5 in Armour
 18991 | D:9      | Reached skill level 5 in Invocations
 19254 | D:9      | Found a shattered altar of Ashenzari.
 19260 | D:9      | Noticed Eustachio
 19279 | D:9      | Noticed McCoppin's ghost (experienced DsCK)
 19377 | D:9      | Killed Eustachio
 19452 | D:9      | Killed McCoppin's ghost
 19452 | D:9      | Reached XP level 13. HP: 74/74 MP: 13/22
 19668 | D:9      | Paralysed by a wasp for 2 turns
 19671 | D:9      | Huge Dmg: 19 Dmg
 19676 | D:9      | Received a gift from Okawaru
 20052 | D:10     | Entered Level 10 of the Dungeon
 20532 | D:10     | Noticed Fannar
 20533 | D:10     | Huge Dmg: 19 Dmg
 20562 | D:10     | Huge Dmg: 19 Dmg
 20624 | D:10     | Killed Fannar
 20632 | D:10     | whewww
 22003 | D:11     | Received a gift from Okawaru
 22004 | D:11     | Got a fine leather armour {god gift, 3}
 22015 | D:11     | Identified the +1 leather armour "Sida" {-Tele Contam rElec rPois Str+5, 3} (Okawaru gifted it to you on level 11 of the Dungeon)
 22567 | D:11     | Huge Dmg: 20 Dmg
 22569 | D:11     | Reached skill level 15 in Short Blades
 22729 | D:11     | Found a white marble altar of Elyvilon.
 22973 | D:11     | Huge Dmg: 20 Dmg
 23369 | D:12     | Noticed Josephine
 23375 | D:12     | Huge Dmg: 33 Dmg
 23391 | D:12     | Huge Dmg: 16 Dmg
 23392 | D:12     | Huge Dmg: 8 Dmg
 23405 | D:12     | Huge Dmg: 6 Dmg
 23408 | D:12     | Killed Josephine
 23413 | D:12     | Huge Dmg: 8 Dmg
 23446 | D:12     | Huge Dmg: 11 Dmg
 23454 | D:12     | Huge Dmg: 4 Dmg
 23492 | D:12     | Huge Dmg: 5 Dmg
 23512 | D:12     | Huge Dmg: 5 Dmg
 24322 | D:12     | Huge Dmg: 31 Dmg
 25173 | D:11     | Found a runed door.
 25304 | D:11     | Found Tej Ant's Assorted Antiques.
 25307 | D:11     | Bought a scroll of teleportation for 90 gold pieces
 25307 | D:11     | Bought a scroll of identify for 60 gold pieces
 25307 | D:11     | Bought a scroll of identify for 60 gold pieces
 25359 | D:11     | Huge Dmg: 21 Dmg
 25361 | D:11     | Reached XP level 14. HP: 57/80 MP: 25/25
 25497 | D:11     | Reached skill level 16 in Short Blades
 25537 | D:11     | Huge Dmg: 10 Dmg
 25742 | D:11     | Noticed a fire giant
 25745 | D:11     | Huge Dmg: 17 Dmg
 25757 | D:11     | Huge Dmg: 18 Dmg
 25761 | D:11     | Huge Dmg: 16 Dmg
 25771 | D:11     | Killed a fire giant
 26157 | D:11     | Found a staircase to the Orcish Mines.
 26187 | D:11     | nice
 26240 | Orc:1    | Entered Level 1 of the Orcish Mines
 26681 | Orc:2    | Found Khucs' Food Shoppe.
 26701 | Orc:2    | Noticed Sonja
 27149 | Orc:2    | Killed Sonja
 27223 | Orc:2    | Found a radiant altar of Vehumet.
 27768 | Orc:3    | Received a gift from Okawaru
 27886 | Orc:3    | Found a staircase to the Elven Halls.
 28090 | Orc:3    | Found a roughly hewn altar of Beogh.
 28101 | Orc:3    | Huge Dmg: 16 Dmg
 28202 | Orc:3    | Found a burning altar of Makhleb.
 28566 | Orc:4    | Entered Level 4 of the Orcish Mines
 28566 | Orc:4    | Noticed an orc warlord
 28867 | Orc:3    | Huge Dmg: 25 Dmg
 28877 | Orc:3    | Huge Dmg: 11 Dmg
 29064 | Orc:4    | Found Giamp's Assorted Antiques.
 29067 | Orc:4    | Noticed Donald
 29067 | Orc:4    | Noticed an orc warlord
 29169 | Orc:3    | Huge Dmg: 17 Dmg
 29184 | Orc:3    | Huge Dmg: 13 Dmg
 29194 | Orc:3    | Huge Dmg: 15 Dmg
 29214 | Orc:3    | Killed Donald
 29214 | Orc:3    | Received a gift from Okawaru
 29214 | Orc:3    | Reached skill level 15 in Dodging
 29497 | Orc:3    | Huge Dmg: 27 Dmg
 29504 | Orc:3    | Huge Dmg: 21 Dmg
 29506 | Orc:3    | Huge Dmg: 8 Dmg
 29529 | Orc:3    | Killed an orc warlord
 29765 | Orc:4    | Paralysed by an orc sorcerer for 2 turns
 29910 | Orc:3    | Huge Dmg: 21 Dmg
 29910 | Orc:3    | Reached skill level 17 in Short Blades
 29914 | Orc:3    | Huge Dmg: 13 Dmg
 30095 | Orc:3    | Huge Dmg: 28 Dmg
 30331 | Orc:3    | Huge Dmg: 20 Dmg
 30338 | Orc:3    | Huge Dmg: 20 Dmg
 30511 | Orc:3    | Quit the game

Action                   |  1- 3 |  4- 6 |  7- 9 | 10-12 | 13-15 || total
-------------------------+-------+-------+-------+-------+-------++-------
Melee: Short sword       |       |   265 |   309 |       |       ||   574
       Blowgun           |       |   209 |     3 |       |       ||   212
       Rapier            |       |       |   271 |  2132 |  1853 ||  4256
 Fire: Hunting sling     |    56 |    11 |    15 |    27 |     8 ||   117
       Blowgun           |       |    73 |   112 |    84 |    61 ||   330
Throw: Stone             |       |   111 |    30 |     6 |     3 ||   150
Invok: Heroism           |       |       |     1 |     9 |     4 ||    14
       Finesse           |       |       |       |     2 |     4 ||     6
 Abil: Evoke Teleportati |       |       |       |     1 |       ||     1
Evoke: Wand              |       |       |       |     3 |       ||     3
  Use: Scroll            |     2 |     6 |     2 |    12 |     7 ||    29
       Potion            |       |       |       |     3 |     8 ||    11
 Stab: Sleeping          |       |     4 |     7 |    14 |    18 ||    43
       Distracted        |       |       |     1 |     2 |     4 ||     7
       Paralysed         |       |       |       |     2 |       ||     2
       Confused          |       |       |       |       |     2 ||     2
  Eat: Chunk             |       |    10 |    16 |    31 |    35 ||    92
       Pizza             |       |     1 |       |       |     2 ||     3
       Beef jerky        |       |       |     1 |     2 |       ||     3

Vault maps used:
D:1:      lightli_arrival_chessboard, minmay_misc_feat_encased
D:2:      hangedman_decor_peaks_small, elyvilon_altar_4
D:3:      uniq_crazy_yiuf_cottage, uniq_iyjb, uniq_robin
D:4:      nicolae_overflow_hidden_temple, minitemple, led_sif_book,
          minmay_temple_entry_mist, minmay_bisected, uniq_sigmund
D:5:      grunt_dithmenos_smoke_and_mirrors, serial_shops, shop, first_bread,
          portal_sewer_entry_a, lemuel_tele_altar
D:6:      minmay_goblin_kobold_castle, lemuel_crystal_altar,
          fedhas_altar_decomposition, lemuel_old_faithful, uniq_pikel
D:7:      grunt_ogre_cave, minivault_26
D:8:      serial_park_square1, lemuel_coloured_pillars_altar,
          david_lair_generic, gup_ossuary_entry_pyramid,
          lemuel_mausoleum_altar_yredelemnul, uniq_gastronok, uniq_duvessa,
          uniq_erolcha
D:9:      kennysheep_mini, uniq_grum, uniq_eustachio
D:10:     uniq_fannar
D:11:     erik_orc_1, basic_altar, serial_ice, serial_ice_n, serial_ice_o,
          serial_ice_h, serial_ice_c, serial_shops, nicolae_shop_behind_doors,
          lightli_airlock
D:12:     special_room, corexii_leaking_fountain, uniq_josephine
Lair:2:   serial_bayou_shore_b
Lair:3:   minmay_shoals_entry_centaurs, minmay_snake_entry_guardpost_large,
          nicolae_volcano_entry_two_sided, grunt_forest_small_clearing_treed,
          infiniplex_staircase_pool, serial_bayou_shore_a
Lair:4:   grunt_megastairs_2
Orc:2:    basic_altar, serial_shops, shop_fountains, uniq_sonja
Orc:3:    nicolae_orc_accident_2, basic_altar, nicolae_orc_pool_cavern,
          nicolae_orc_lava_room
Orc:4:    grunt_orc_tribal_feast, basic_altar, serial_shops, shop, uniq_donald,
          uniq_nergalle
